 Dungeon Crawl Stone Soup version 0.31.0 (webtiles) character file.

Game seed: 10976242309334368485

41783 SnakkuSnakku7 the Impaler (level 14, -75/116 HPs)
             Began as a Formicid Cinder Acolyte on Jan 20, 2024.
             Was an Elder of Ignis.
             Annihilated by a boulder beetle (116 damage)
             ... on level 4 of the Lair of Beasts.
             The game lasted 00:28:50 (13171 turns).

SnakkuSnakku7 the Impaler (FoCA)                   Turns: 13171, Time: 00:28:50

Health: -75/116    AC: 16    Str: 30    XL:     14   Next: 51%
Magic:  15/15      EV:  2    Int: 16    God:    Ignis [****..]
Gold:   2387       SH:  0    Dex: 12    Spells: 15/15 levels left

rFire   + . .        a - +4 glaive (elec)
rCold   . . .        w - +0 tower shield
rNeg    + . .        q - +0 plate armour
rPois   +            (helmet unavailable)
rElec   .            m - +0 cloak
rCorr   .            A - +2 pair of gloves
SInv    +            y - +1 pair of boots of Understanding {rN+ Will- Str+2 Slay+3}
Will    .....        r - amulet of regeneration Stlth
                     P - +6 ring of strength
HPRegen 1.19/turn    O - ring of Bissonyu {rPois Dex+3}
MPRegen 0.14/turn

%: no passive effects
@: sleeping
A: permanent stasis, dig shafts and tunnels, antennae 3, four strong arms
a: Dig, Shaft Self, Renounce Religion, Fiery Armour, Foxfire Swarm, Rising Flame


You were on level 4 of the Lair of Beasts.
You worshipped Ignis.
Ignis was greatly pleased with you.
You visited 2 branches of the dungeon, and saw 15 of its levels.
You also visited: Ossuary, Bailey, Gauntlet and Ice Cave.

You collected 2966 gold pieces.
You spent 579 gold pieces at shops.

Inventory:

Hand Weapons
 a - a +4 glaive of electrocution (weapon)
 b - a +1 halberd of flaming
 c - a -1 hand axe of flaming
 f - a +0 war axe
 n - a +2 halberd of electrocution
 K - a +0 battleaxe
Armour
 g - the +2 leather armour "Tistroul" {rPois rF++ Dex+3}
   (You found it on level 3 of the Dungeon)

   Dex+3:     It affects your dexterity (+3).
   rF++:      It greatly protects you from fire.
   rPois:     It protects you from poison
 m - a +0 cloak (worn)
 q - a +0 plate armour (worn)
 w - a +0 tower shield (worn)
 y - the +1 pair of boots of Understanding (worn) {rN+ Will- Str+2 Slay+3}
   (You acquired it on level 1 of the Lair of Beasts)

   Str+2:     It affects your strength (+2).
   Slay+3:    It affects your accuracy & damage with ranged weapons and melee
   (+3).
   rN+:       It protects you from negative energy.
   Will-:     It decreases your willpower.
 A - a +2 pair of gloves (worn)
 B - a +0 robe
Jewellery
 o - a +6 ring of strength
 r - an amulet of regeneration (around neck)
 s - the ring of Orhoufesi {Fire Int+4}
   (You found it on level 2 of the Dungeon)

   [ring of fire]

   Fire:      It enhances your fire magic.
   Int+4:     It affects your intelligence (+4).
   rF+:       It protects you from fire.
   rC-:       It makes you vulnerable to cold.
 u - a ring of resist corrosion
 M - a ring of ice
 O - the ring of Bissonyu (right hand) {rPois Dex+3}
   (You found it on level 9 of the Dungeon)

   [ring of poison resistance]

   Dex+3:     It affects your dexterity (+3).
   rPois:     It protects you from poison
 P - a +6 ring of strength (left hand)
 R - a +6 ring of intelligence
Wands
 d - a wand of charming (6)
 v - a wand of flame (47)
 E - a wand of iceblast (3)
 F - a wand of mindburst (10)
 L - a wand of polymorph (12)
Scrolls
 j - 4 scrolls of vulnerability
 k - 3 scrolls of revelation
 l - 4 scrolls of fog
 p - 4 scrolls of silence
 t - 3 scrolls of poison
 x - a scroll of immolation {unknown}
 z - a scroll of butterflies
 D - a scroll of fear
Potions
 e - 4 potions of attraction
 h - 4 potions of magic
 i - 4 potions of curing
 C - 2 potions of mutation
 G - 4 potions of resistance
 H - 2 potions of cancellation
 I - a potion of invisibility
 N - 3 potions of lignification
 Q - a potion of heal wounds


   Skills:
 - Level 12.7 Fighting
 - Level 11.4(16.0) Axes
 + Level 18.0(19.1) Polearms
 - Level 6.3 Shields
 - Level 1.1 Spellcasting
 - Level 3.0 Fire Magic


You had 15 spell levels left.
You didn't know any spells.
Your spell library contained the following spells:

 Spells                   Type           Power      Damage    Failure   Level
 Scorch                   Fire           20%        2d5       99%         2
 Shock                    Conj/Air       0%         1d3       100%        1
 Summon Small Mammal      Summ           0%         N/A       100%        1
 Ensorcelled Hibernation  Hex/Ice        0%         N/A       100%        2
 Call Canine Familiar     Summ           0%         N/A       100%        3
 Gell's Gravitas          Tloc           0%         N/A       100%        3
 Inner Flame              Hex/Fire       5%         N/A       100%        3
 Passwall                 Erth           0%         N/A       100%        3
 Summon Ice Beast         Ice/Summ       0%         N/A       100%        3
 Teleport Other           Tloc           0%         N/A       100%        3
 Airstrike                Air            0%         2d(0-16)  100%        4
 Anguish                  Hex/Necr       0%         N/A       100%        4
 Cause Fear               Hex            0%         N/A       100%        4
 Manifold Assault         Tloc           0%         N/A       100%        4
 Summon Blazeheart Golem  Fire/Summ      5%         N/A       100%        4
 Arcjolt                  Conj/Air       0%         1d10      100%        5
 Irradiate                Conj/Alch      0%         3d11      100%        5
 Summon Mana Viper        Hex/Summ       0%         N/A       100%        5
 Dispersal                Tloc           0%         N/A       100%        6
 Sculpt Simulacrum        Ice/Alch       0%         N/A       100%        6
 Enfeeble                 Hex            0%         N/A       100%        7
 Monstrous Menagerie      Summ           0%         N/A       100%        7
 Ozocubu's Refrigeration  Ice            0%         4d7       100%        7
 Disjunction              Tloc           0%         N/A       100%        8
 Ignition                 Fire           5%         3d4       100%        8
 Maxwell's Capacitive Co  Air            0%         ∞         100%        8
 Polar Vortex             Ice            0%         N/A       100%        9
 Swiftness                Air            Unusable   N/A       N/A         3
 Vhi's Electric Charge    Tloc/Air       Unusable   N/A       N/A         4

Dungeon Overview and Level Annotations

Branches:
Dungeon (11/15)            Temple (0/1) D:7            Lair (4/5) D:11
 Shoals (0/4) Lair:2        Snake (0/4) Lair:3        Slime (0/5) Lair:4
    Orc (0/2) D:10        Ossuary (visited)          Bailey (visited)
  IceCv (visited)         Gauntlet (visited)

Altars:
Ashenzari
Fedhas
Gozag
Hepliaklqana
Makhleb
Qazlal
Vehumet
Wu Jian
Zin
Jiyva

Shops:
D:1 *   D:2 ?   D:5 *   D:9 =   D:10 (


Innate Abilities, Weirdness & Mutations

You cannot be hasted, slowed, berserked, paralysed or teleported.
You can dig through walls and to a lower floor.
You have a pair of large antennae on your head. (SInv)
Your four strong arms can wield two-handed weapons with a shield.


Message History

You slash the yak!
The yak is almost dead.
You block the yak's attack. The yak gores you but does no damage.
You slice the yak!!
You kill the yak!
The yak gores you.
You slash the dream sheep!
The dream sheep is heavily wounded.
The dream sheep shakes its wool and sparkles.
You feel drowsy...
You fall asleep.
The yak gores you!!
You wake up.
* * * LOW HITPOINT WARNING * * *
Unknown command.
Unknown command.
You slash the dream sheep!
The dream sheep is almost dead.
You block the dream sheep's attack. The yak gores you but does no damage.
You slash the dream sheep!
You kill the dream sheep!
You block the yak's attack.
You slice the yak like a ripe choko!!! Lightning courses through the yak!
You kill the yak!
Your base Polearms skill increases to level 18!
You see here a yak corpse.
You now have 2369 gold pieces (gained 9).
Things that are here:
a yak corpse; a yak corpse You see here a dream sheep corpse.
Found a robe.
You now have 2387 gold pieces (gained 18).
You sense a monster nearby. 2 dream sheep and a boulder beetle come into view.
Found a viscous altar of Jiyva.
Found a staircase to the Slime Pits.
The dream sheep bleats! x2; You hear a bleat!
The boulder beetle curls into a ball and begins rolling!
The dream sheep shake their wool and sparkle.
You feel drowsy...
You fall asleep.
The boulder beetle hits you!!!!
Ouch! That really hurt!
You die...

#............#
###..##...##.###
#P.#.†##.#...#
#..##†......#####
##....#††....#...#
#P....###+.#....[###
##.................#
....................#
..............@....#
...P~~.........B...#
.~~~P~..........○..#
P~P~~~~........##°.#
PP~~~~.....##### .Y.#
P~~~~...... _>Y..
~~~~...... .......
≈PP♣.#..# .......
≈P♣...# .......


You could see a boulder beetle (rolling) and 2 dream sheep.

Vanquished Creatures
  A reaper (IceCv)
  A minotaur (Gauntlet)
  Josephine (Lair:4)
  Fannar (D:9)
  A boulder beetle (Lair:2)
  Erica (D:9)
  A hell hog (Gauntlet)
  A fire crab (Gauntlet)
  A lindwurm (Lair:2)
  An orc knight (Bailey)
  A manticore (D:11)
  Maurice (D:10)
  4 black mambas
  8 elephants (Lair:3)
  2 ice statues (IceCv)
  Maggie (Lair:1)
  An unseen horror (D:10)
  4 cane toads
  2 rime drakes
  A kobold demonologist (D:11)
  8 komodo dragons
  Psyche (D:9)
  8 ice devils
  A queen bee (Gauntlet)
  3 trolls
  A polar bear (Lair:1)
  A raiju (Gauntlet)
  3 blink frogs (Lair:1)
  6 dream sheep (Lair:4)
  A ynoxinul (Gauntlet)
  A vampire (D:11)
  A dire elephant simulacrum (IceCv)
  4 wraiths
  58 yaks
  4 basilisks
  9 fire bats (Gauntlet)
  2 wyverns
  A steam dragon (D:7)
  3 death yak simulacra (IceCv)
  4 swamp worms (Lair:3)
  4 nagas (Lair:3)
  A two-headed ogre zombie (D:10)
  7 water moccasins
  A hydra simulacrum (IceCv)
  A swamp drake (D:11)
  2 hell hounds (Gauntlet)
  A sky beast (D:7)
  2 ice beasts
  6 orc warriors
  3 black bears
  A centaur (D:8)
  12 wolves
  2 phantoms (D:10)
  4 kobold brigands
  6 bullfrogs
  2 elf zombies (D:7)
  4 scorpions
  A cane toad simulacrum (IceCv)
  An elf skeleton (D:7)
  2 two-headed ogre simulacra (IceCv)
  8 wights
  18 killer bees
  3 howler monkeys
  A jelly (D:6)
  3 iron imps (Gauntlet)
  6 orc priests
  7 human zombies (Ossuary)
  5 hounds
  Jessica (D:2)
  2 sleepcaps
  2 human skeletons (D:7)
  6 iguanas
  12 orc wizards
  4 spriggan simulacra (IceCv)
  4 troll simulacra (IceCv)
  2 wolf simulacra (IceCv)
  7 ogre zombies (D:10)
  2 crocodile zombies (Ossuary)
  2 spectral hounds (Ossuary)
  4 mummies (Ossuary)
  12 gnolls
  7 adders
  4 hound simulacra (Ossuary)
  2 naga simulacra (IceCv)
  2 shadow imps
  A white imp (IceCv)
  6 spectral adders (Ossuary)
  2 spectral gnolls (Ossuary)
  3 adder simulacra (Ossuary)
  41 orcs
  8 ball pythons
  5 endoplasms
  14 giant cockroaches
  8 gnoll zombies
  9 goblins
  11 hobgoblins
  19 kobolds
  2 quokkas (D:4)
  5 bats
  4 frilled lizards
  2 gnoll simulacra (Ossuary)
  A gnoll skeleton (D:10)
  A jackal simulacrum (Ossuary)
  5 kobold zombies (Ossuary)
  4 orc skeletons
  24 orc zombies
  19 rats
  2 spectral jackals (Ossuary)
540 creatures vanquished.

Vanquished Creatures (others)
  28 foxfires (D:9)
28 creatures vanquished.

Grand Total: 568 creatures vanquished

Notes
Turn   | Place    | Note
-------+----------+-------------------------------------------
     0 | D:1      | SnakkuSnakku7 the Formicid Cinder Acolyte began the quest
                  | for the Orb.
     0 | D:1      | Reached XP level 1. HP: 18/18 MP: 2/2
    98 | D:1      | Found Bunwekif's Assorted Antiques.
   118 | D:1      | Reached XP level 2. HP: 22/24 MP: 3/3
   478 | D:1      | Reached XP level 3. HP: 29/29 MP: 4/4
   802 | D:1      | Bought a ruby potion for 15 gold pieces
   802 | D:1      | Bought a fuming green potion for 15 gold pieces
   818 | D:2      | Noticed Jessica
   824 | D:2      | Killed Jessica
   825 | D:2      | Reached XP level 4. HP: 29/35 MP: 5/5
   934 | D:2      | Found James's Magic Scroll Shoppe.
   964 | D:2      | Reached skill level 5 in Axes
  1026 | D:1      | Bought a scroll labelled ILAAJI UMEGULL for 17 gold pieces
  1107 | D:2      | Found a faded altar of an unknown god.
  1214 | D:2      | Identified the ring of Orhoufesi {Fire Int+4}
  1411 | D:2      | Bought a scroll of identify for 28 gold pieces
  1411 | D:2      | Bought a scroll of identify for 28 gold pieces
  1417 | D:2      | Reached XP level 5. HP: 58/58 MP: 6/6
  1443 | D:3      | Found a glowing silver altar of Zin.
  1444 | D:3      | Found a stormy altar of Qazlal.
  1503 | D:3      | Found a blossoming altar of Fedhas.
  1536 | D:3      | Identified the +2 leather armour "Tistroul" {rPois rF++
                  | Dex+3}
  1649 | D:3      | Reached XP level 6. HP: 46/65 MP: 7/7
  1731 | D:3      | Found a broken altar of Ashenzari.
  1965 | D:4      | Found a radiant altar of Vehumet.
  2110 | D:4      | Reached XP level 7. HP: 59/71 MP: 8/8
  2894 | D:5      | Entered Level 5 of the Dungeon
  2957 | D:2      | Bought a scroll of fog for 56 gold pieces
  3031 | D:5      | Found Wiwo's Elemental Accessories.
  3097 | D:5      | Identified the +7 short sword of the End of Times {flame,
                  | rN+}
  3179 | D:5      | Reached XP level 8. HP: 28/78 MP: 9/9
  3731 | D:6      | Reached skill level 1 in Shields
  3936 | D:6      | Found an ornate altar of the Wu Jian Council.
  3938 | D:6      | Found a hazy altar of Hepliaklqana.
  4333 | D:7      | Found a staircase to the Ecumenical Temple.
  4383 | D:7      | Noticed a yak
  4383 | D:7      | Noticed a yak
  4486 | D:7      | Reached XP level 9. HP: 78/84 MP: 10/10
  4528 | D:7      | Reached skill level 5 in Shields
  4708 | D:7      | Found a sand-covered staircase.
  4717 | Ossuary  | Entered an ossuary
  4889 | Ossuary  | Reached XP level 10. HP: 91/91 MP: 11/11
  5315 | D:7      | Reached skill level 10 in Axes
  5361 | D:7      | Found an opulent altar of Gozag.
  5446 | D:7      | Found a burning altar of Makhleb.
  5578 | D:8      | Found a flagged portal.
  5674 | Bailey   | Entered a bailey
  6096 | Bailey   | Noticed an orc knight
  6106 | Bailey   | Killed an orc knight
  6403 | D:8      | Reached skill level 1 in Polearms
  6416 | D:8      | Reached skill level 2 in Polearms
  6502 | D:8      | Reached skill level 3 in Polearms
  6504 | D:8      | Reached XP level 11. HP: 59/96 MP: 12/12
  6523 | D:8      | Reached skill level 4 in Polearms
  6692 | D:8      | Reached skill level 5 in Polearms
  7129 | D:9      | Identified the +0 scale mail of Experimentation {*Corrode
                  | Will+++ Str+6 Int-4}
  7142 | D:9      | Identified the ring of Bissonyu {rPois Dex+3}
  7182 | D:9      | Noticed Erica
  7194 | D:9      | Killed Erica
  7195 | D:9      | Reached skill level 6 in Polearms
  7356 | D:9      | Noticed Psyche
  7364 | D:9      | Killed Psyche
  7390 | D:9      | Reached skill level 7 in Polearms
  7431 | D:9      | Found Ilorheph's Jewellery Boutique.
  7995 | D:10     | Entered Level 10 of the Dungeon
  8074 | D:10     | Reached skill level 8 in Polearms
  8213 | D:10     | Identified the -1 pair of gloves of a bazaar {MP+9 Str+3}
  8229 | D:10     | Noticed Fannar
  8246 | D:10     | Noticed Maurice
  8469 | D:9      | Killed Fannar
  8611 | D:10     | Maurice stole a +6 ring of strength
  8616 | D:10     | Killed Maurice
  8617 | D:10     | Reached skill level 9 in Polearms
  8639 | D:10     | Found a staircase to the Orcish Mines.
  8696 | D:10     | Reached XP level 12. HP: 80/103 MP: 13/13
  8973 | D:10     | Found Tasumuor's Weapon Boutique.
  9303 | D:9      | Bought an amulet of regeneration for 420 gold pieces
  9370 | D:11     | Reached skill level 10 in Polearms
  9719 | D:11     | Reached skill level 11 in Polearms
  9734 | D:11     | Found a staircase to the Lair.
 10030 | D:11     | Identified the ring of Waurapokh {Fire ^Contam Str+4 Dex+7
                  | Stlth-}
 10359 | Lair:1   | Entered Level 1 of the Lair of Beasts
 10380 | Lair:1   | Reached skill level 12 in Polearms
 10532 | Lair:1   | Identified 4 scrolls of acquirement
 10532 | Lair:1   | Acquired the +1 pair of boots of Understanding {rN+ Will-
                  | Str+2 Slay+3}
 10541 | Lair:1   | Acquired 302 gold pieces
 10543 | Lair:1   | Acquired 803 gold pieces
 10545 | Lair:1   | Acquired 511 gold pieces
 10639 | Lair:1   | Noticed Maggie
 10654 | Lair:1   | Killed Maggie
 10785 | Lair:1   | Reached skill level 13 in Polearms
 11045 | Lair:2   | Found a frozen archway.
 11051 | Lair:2   | Reached XP level 13. HP: 39/109 MP: 14/14
 11065 | Lair:2   | Found a gate leading to a gauntlet.
 11070 | Gauntlet | Entered a Gauntlet
 11070 | Gauntlet | Found a transporter.
 11076 | Gauntlet | Found a transporter.
 11095 | Gauntlet | Found a transporter.
 11096 | Gauntlet | Found a transporter.
 11104 | Gauntlet | Found a transporter.
 11104 | Gauntlet | Found a transporter.
 11111 | Gauntlet | Found a transporter.
 11123 | Gauntlet | Found a transporter.
 11139 | Gauntlet | Found a transporter.
 11139 | Gauntlet | Found a transporter.
 11154 | Gauntlet | Found a transporter.
 11155 | Gauntlet | Found a transporter.
 11155 | Gauntlet | Found a transporter.
 11159 | Gauntlet | Reached skill level 14 in Polearms
 11183 | Gauntlet | Found a transporter.
 11210 | Gauntlet | Noticed a minotaur
 11216 | Gauntlet | Killed a minotaur
 11235 | IceCv    | Entered an ice cave
 11415 | IceCv    | Reached skill level 15 in Polearms
 11637 | IceCv    | Noticed a reaper
 11647 | IceCv    | Killed a reaper
 12040 | Lair:2   | Found a staircase to the Shoals.
 12089 | Lair:3   | Reached skill level 16 in Polearms
 12113 | Lair:3   | Reached XP level 14. HP: 96/116 MP: 15/15
 12275 | Lair:3   | Found a staircase to the Snake Pit.
 12463 | Lair:3   | Reached skill level 17 in Polearms
 12973 | Lair:4   | Noticed Josephine
 12983 | Lair:4   | Killed Josephine
 13150 | Lair:4   | Reached skill level 18 in Polearms
 13166 | Lair:4   | Found a viscous altar of Jiyva.
 13166 | Lair:4   | Found a staircase to the Slime Pits.
 13171 | Lair:4   | Annihilated by a boulder beetle

Illustrated notes

Levels and vault maps discovered:
D:1:      psy_arrival_basics, layout_basic, serial_shops,
          nicolae_shop_temple_entry_statues_fountains
D:2:      minmay_roachtagon, layout_rooms, serial_shops, shop,
          chequers_ecumenical_altar_island, serial_bayou_ford_a, uniq_jessica
D:3:      layout_rooms, mainiacjoe_overflow_alcove_1,
          mainiacjoe_overflow_divided_tiny, fedhas_altar_4
D:4:      layout_basic, vehumet_altar_wand_db, minmay_rat_hole
D:5:      layout_cave_pools, nicolae_elemental_shop, minmay_parallelograms,
          serial_library_hellmonk_hallway_a
D:6:      layout_loops_ring, minitemple
D:7:      layout_rooms, mainiacjoe_overflow_alcove_4, overflow_temple_1_default,
          minmay_temple_entry_fiery, nicolae_ossuary_entry_catacombs
D:8:      layout_cave_pools, enter_bailey_3, nicolae_kite_square_tiling_tiny
D:9:      layout_irregular_city, serial_shops, nicolae_shop_gaudy_bauble,
          uniq_psyche, uniq_erica
D:10:     layout_basic, zombieorc2_lemuel, serial_shops, nicolae_square_shop,
          kennysheep_flooded_box, st_stairs_14, uniq_maurice, uniq_fannar
D:11:     layout_gridville, erik_lair_dragon, mrwooster_statue_mirror
Lair:1:   layout_gridlike, uniq_maggie
Lair:2:   layout_hall_layers, elwin_shoals_entry_rocks,
          portal_ice_cave_demonic_guard, gauntlet_entry_generic
Lair:3:   beast_lair_carwin_large_1, layout_loops_ring,
          minmay_snake_entry_guardpost_small, worms_lemuel
Lair:4:   layout_cave_pods, slime_entry_1, infiniplex_staircase_pool,
          grunt_megastairs_2, lemuel_fruit_fields, serial_bayou_shore_a,
          uniq_josephine

Skill      XL: |  1  2  3  4  5  6  7  8  9 10 11 12 13 14 |
---------------+-------------------------------------------+-----
Axes           | 4 5 7 8 9 11 | 11.4
Fighting       | 12 | 12.7
Shields        | 3 6 |  6.3
Polearms       | 3 9 13 16 18 | 18.0
Spellcasting   | |  1.1
Fire Magic     | |  3.0

Action                     |  1- 3 |  4- 6 |  7- 9 | 10-12 | 13-15 || total
---------------------------+-------+-------+-------+-------+-------++-------
  Melee: War axe           |    67 |   119 |   233 |       |       ||   419
         Punch             |       |       |     3 |       |       ||     3
         Battleaxe         |       |       |    92 |   199 |       ||   291
         Halberd           |       |       |       |   557 |       ||   557
         Glaive            |       |       |       |    34 |   400 ||   434
 Invoke: Fiery Armour      |       |       |       |     2 |       ||     2
         Foxfire Swarm     |       |       |       |     2 |       ||     2
Ability: Dig               |       |       |       |     3 |     2 ||     5
  Evoke: Wand              |       |       |       |     1 |       ||     1
    Use: Scroll            |       |     5 |     4 |    24 |     3 ||    36
         Potion            |       |     1 |     4 |     7 |     4 ||    16
   Stab: Sleeping          |     1 |       |     1 |       |       ||     2
         Invisible         |       |       |       |     2 |     1 ||     3
 Armour: Robe              |    47 |    40 |       |       |       ||    87
         Leather armour    |       |    46 |   194 |    83 |       ||   323
         Skin              |       |       |    93 |       |       ||    93
         Plate armour      |       |       |       |   539 |   317 ||   856
  Dodge: Dodged            |    51 |    88 |   121 |   161 |    54 ||   475
  Block: Tower shield      |       |       |   166 |   755 |   237 ||  1158
